AoeStats
← Grospoilu

Fortress

508219104Analyzed
4v4 RM · 10d ago on Sep 21, 2026· 48m 9s· 8 players
Game mode
Random Map
Map size
Huge
Population
200
Speed
Normal
Resources
Standard
Victory
Conquest
Starting age
Dark Age
Ending age
Imperial Age
RankedLock teamsTeams togetherTeam positionsShared explorationLock speedFull tech treeHidden civsTurbo modeCheats
Victory
Defeat
🇲🇽 Britons · Mexico
1273
+16
🇻🇳 Spanish · Vietnam
1255
+16
🇨🇳 Hindustanis · China
1189
+19
🇻🇳 Shu · Vietnam
1165
+20
🇬🇪 Magyars · Georgia
1334
-20
1277
-19
🇫🇷 Italians · France
1229
-17
🇬🇧 Dravidians · United Kingdom
1193
-15
Combi | NITRAMDELANIEVE
4:03 Loom
6:26 Feudal Age
7:00 Double-Bit Axe
7:43 Horse Collar
14:41 Man-at-Arms
15:52 Scale Mail Armor
16:03 Forging
18:52 Castle Age
19:14 Long Swordsman
Ham Shank
8:27 Feudal Age
12:20 Castle Age
10:09 Double-Bit Axe
11:16 Horse Collar
13:24 Bow Saw
13:17 Heavy Plow
15:27 Loom
16:18 Wheelbarrow
19:56 Gold Mining
20:48 Stone Mining
20:29 Pikeman
20:56 Gambesons
21:11 Squires
20:57 Arson
21:42 Fletching
22:37 Bodkin Arrow
22:59 Fortified Wall
23:17 Ballistics
23:38 Town Watch
24:09 Hand Cart
26:34 Scale Mail Armor
26:46 Forging
29:30 Imperial Age
29:10 Chain Mail Armor
29:31 Iron Casting
30:40 Conscription
30:43 Wootz Steel
31:10 Plate Mail Armor
34:52 Blast Furnace
Grospoilu
8:25 Feudal Age
12:00 Castle Age
10:51 Double-Bit Axe
11:21 Horse Collar
14:14 Wheelbarrow
16:33 Bow Saw
17:08 Fletching
17:19 Padded Archer Armor
20:56 Thumb Ring
21:08 Loom
21:09 Town Watch
21:52 Bodkin Arrow
24:57 Hand Cart
25:32 Ballistics
28:41 Imperial Age
30:28 Chemistry
28:55 Elite Genoese Crossbowman
30:48 Pirotechnia
Pawo
7:13 Feudal Age
11:17 Castle Age
9:30 Double-Bit Axe
9:46 Horse Collar
12:54 Bow Saw
16:40 Loom
18:33 Heavy Plow
20:33 Wheelbarrow
22:20 Hand Cart
22:21 Gold Mining
26:22 Imperial Age
23:50 Fletching
24:00 Padded Archer Armor
25:36 Gold Shaft Mining
25:17 Husbandry
25:27 Bloodlines
25:22 Bodkin Arrow
25:43 Leather Archer Armor
25:54 Thumb Ring
27:04 Ballistics
27:09 Corvinian Army
27:30 Scale Barding Armor
27:52 Conscription
28:14 Crop Rotation
27:36 Heavy Cavalry Archer
29:24 Chemistry
29:17 Parthian Tactics
28:56 Bracer
29:21 Recurve Bow
30:15 Chain Barding Armor
31:34 Two-Man Saw
31:14 Ring Archer Armor
31:03 Elite Magyar Huszar
33:11 Hoardings
33:07 Siege Engineers
33:13 Masonry
32:44 Treadmill Crane
32:59 Murder Holes
33:59 Plate Barding Armor
34:47 Stone Mining
dl_king
7:58 Feudal Age
11:45 Castle Age
9:56 Double-Bit Axe
10:12 Horse Collar
11:37 Wheelbarrow
11:37 Gold Mining
13:38 Heavy Plow
16:10 Loom
21:13 Hand Cart
20:43 Town Watch
22:06 Town Patrol
22:01 Stone Mining
22:29 Bow Saw
26:26 Imperial Age
25:18 Ballistics
24:54 Murder Holes
24:54 Fletching
25:04 Padded Archer Armor
25:44 Gold Shaft Mining
26:09 Bodkin Arrow
26:29 Leather Archer Armor
27:24 Yeomen
27:12 Bracer
27:50 Ring Archer Armor
28:27 Chemistry
29:02 Two-Man Saw
28:04 Elite Longbowman
29:19 Warwolf
29:50 Conscription
30:06 Hoardings
33:08 Siege Engineers
32:44 Treadmill Crane
33:15 Masonry
33:17 Pikeman
33:57 Squires
33:42 Arson
34:13 Forging
34:03 Scale Mail Armor
37:18 Man-at-Arms
37:43 Gambesons
37:20 Halberdier
38:42 Iron Casting
38:22 Chain Mail Armor
38:29 Chain Mail Armor
43:55 Long Swordsman
45:48 Blast Furnace
45:18 Plate Mail Armor
44:44 Two-Handed Swordsman
45:40 Champion
Wolong Qi
7:15 Feudal Age
12:17 Castle Age
10:31 Double-Bit Axe
10:49 Horse Collar
14:10 Bow Saw
15:05 Loom
16:39 Wheelbarrow
16:20 Town Watch
19:37 Heavy Plow
21:05 Bloodlines
20:55 Husbandry
21:52 Hand Cart
23:17 Gold Mining
26:16 Imperial Age
24:04 Husbandry
24:58 Forging
24:49 Scale Mail Armor
25:01 Squires
26:30 Iron Casting
26:27 Ballistics
26:18 Masonry
26:17 Scale Barding Armor
27:28 Gold Shaft Mining
26:43 Stone Mining
27:01 Arson
27:50 Chain Mail Armor
28:16 Conscription
29:25 Two-Man Saw
29:43 Blast Furnace
28:39 Heavy Camel Rider
30:04 Town Patrol
30:19 Elite Ghulam
31:51 Siege Elephant
32:00 Siege Elephant
32:44 Imperial Camel Rider
33:52 Stone Mining
35:19 Chemistry
35:02 Chain Barding Armor
40:19 Plate Barding Armor
41:09 Grand Trunk Road
46:50 Stone Shaft Mining
46:05 Spies/Treason
Arch1tect
8:12 Feudal Age
11:56 Castle Age
10:21 Double-Bit Axe
10:51 Horse Collar
11:29 Gold Mining
14:00 Heavy Plow
14:24 Forging
14:15 Scale Mail Armor
15:10 Bow Saw
22:55 Gold Shaft Mining
23:06 Chain Mail Armor
23:40 Loom
29:07 Wheelbarrow
34:38 Imperial Age
33:03 Fletching
33:19 Scale Barding Armor
33:15 Padded Archer Armor
33:54 Bodkin Arrow
34:01 Crossbowman
47:58 Arbalester
lequochuypy96
9:02 Feudal Age
10:29 Double-Bit Axe
10:37 Gold Mining
10:30 Horse Collar
11:41 Wheelbarrow
13:29 Castle Age
12:33 Wheelbarrow
12:50 Padded Archer Armor
14:37 Leather Archer Armor
14:48 Bow Saw
15:30 Heavy Plow
23:13 Hand Cart
22:44 Loom
30:07 Imperial Age
28:16 Stone Mining
30:04 Stone Shaft Mining
29:45 Forging
29:40 Scale Barding Armor
30:29 Scale Mail Armor
31:07 Iron Casting
32:15 Chain Barding Armor
31:57 Husbandry
32:08 Bloodlines
31:18 Light Cavalry
32:52 Cavalier
34:37 Blast Furnace
34:13 Plate Barding Armor
34:01 Conscription
33:48 Hussar
35:38 Two-Man Saw
35:11 Fletching
34:53 Paladin
36:32 Supremacy
39:03 Hoardings
43:53 Town Watch
45:58 Fortified Wall
46:09 Ballistics
46:49 Chemistry
46:00 Masonry
45:46 Murder Holes
Connection lost

Rejoining the realm…

Still unreachable

The connection could not be restored.

Session expired

The server has moved on; the page needs a fresh start.